 Dungeon Crawl Stone Soup version 0.29-a0-356-g7bc237e783 (webtiles) character file.

Game seed: 14575073058483881134

175 spaghetti the Ruffian (level 5, -2/37 HPs)
             Began as a Gnoll Wanderer on Apr 26, 2022.
             Slain by an iguana (14 damage)
             ... on level 4 of the Dungeon.
             The game lasted 00:04:24 (2955 turns).

spaghetti the Ruffian (Gnoll Wanderer)              Turns: 2955, Time: 00:04:24

Health: -2/37      AC:  0    Str: 14    XL:     5   Next: 55%
Magic:  7/7        EV: 17    Int: 10    God:
Gold:   261        SH:  0    Dex: 12    Spells: 4/7 levels left

rFire   . . .      SeeInvis .   g - +1 dagger (venom) {short}
rCold   . . .      Faith    .   (no shield)
rNeg    . . .      Spirit   .   e - +0 leather armour
rPois   .          Reflect  .   (no helmet)
rElec   .          Harm     .   (no cloak)
rCorr   .          Rampage  .   d - +0 pair of gloves
Will    .....                   (no boots)
Stlth   +.........              (no amulet)
HPRegen 0.12/turn               j - +4 ring of evasion
MPRegen 0.10/turn               o - ring of wizardry

@: confused, ambrosia-drunk, corroded
A: fangs 1, strong nose, distributed training
a: no special abilities


You were on level 4 of the Dungeon.
You visited 1 branch of the dungeon, and saw 4 of its levels.

You collected 261 gold pieces.


Innate Abilities, Weirdness & Mutations

You have very sharp teeth.
Your uncanny sense of smell can sniff out nearby items.
Your experience applies equally to all skills.


   Skills:
 + Level 1.5 Fighting
 + Level 4.8 Short Blades
 + Level 1.5 Long Blades
 + Level 1.5 Axes
 + Level 1.5 Maces & Flails
 + Level 1.5 Polearms
 + Level 1.5 Staves
 + Level 1.5 Slings
 + Level 1.5 Bows
 + Level 1.5 Crossbows
 + Level 1.5 Throwing
 + Level 3.0 Armour
 + Level 4.8 Dodging
 + Level 1.5 Stealth
 + Level 1.5 Shields
 + Level 6.7 Unarmed Combat
 + Level 1.5 Spellcasting
 + Level 1.2 Conjurations
 + Level 1.2 Hexes
 + Level 1.2 Summonings
 + Level 1.2 Necromancy
 + Level 1.2 Translocations
 + Level 1.2 Transmutations
 + Level 1.2 Fire Magic
 + Level 1.2 Ice Magic
 + Level 1.2 Air Magic
 + Level 1.2 Earth Magic
 + Level 1.2 Poison Magic
 + Level 3.1 Invocations
 + Level 3.0 Evocations


You had 4 spell levels left.
You knew the following spells:

 Your Spells              Type           Power      Damage    Failure   Level
a - Call Canine Familiar  Summ           3%         N/A       28%         3

Your spell library contained the following spells:

 Spells                   Type           Power      Damage    Failure   Level
 Summon Small Mammal      Summ           12%        N/A       10%         1
 Summon Guardian Golem    Hex/Summ       3%         N/A       28%         3

Inventory:

Hand Weapons
 a - a +0 short sword {short}
 g - a +1 dagger of venom (weapon) {short}
   (You took it off a kobold on level 1 of the Dungeon)
 n - a +2 dagger of flaming {short}
   (You took it off a kobold on level 1 of the Dungeon)
Missiles
 f - 80 stones (quivered) {throwing}
Armour
 d - a +0 pair of gloves (worn)
 e - a +0 leather armour (worn)
Magical Staves
 i - a staff of air {!astaff}
   (You found it on level 1 of the Dungeon)
 l - a staff of poison {!astaff}
   (You found it on level 1 of the Dungeon)
Jewellery
 j - a +4 ring of evasion (left hand)
   (You found it on level 1 of the Dungeon)
 o - a ring of wizardry (right hand)
   (You found it on level 2 of the Dungeon)
Wands
 q - a wand of digging (5)
   (You took it off Terence on level 3 of the Dungeon)
Scrolls
 b - a scroll of blinking {!r}
 c - 2 scrolls of fear
 k - 2 scrolls of immolation {!r!r}
 m - a scroll of teleportation {@r4}
 r - 2 scrolls of enchant weapon {unknown}
Potions
 p - a potion of brilliance

Dungeon Overview and Level Annotations

Branches:
Dungeon (4/15)
 Temple: D:4-7

Altars:
Fedhas

Shops:
D:1

[ ♣. . ♣. P♣#
#.♣♣.# #....#
#....#
####....######+
...............
.......@.......
.......lJ......
P..............


PPP............ ♣♣♣.....####### ♣.P..PP. ♣.P..♣.. ....P♣.♣ You could see an
iguana and a jelly (poisoned).


Message History

No target in view!
No target in view!
No target in view!
A goblin comes into view. It is wielding a +0 club.
The goblin shouts!
A goblin is nearby!
A goblin is nearby!
A goblin is nearby!
You hit the goblin.
The goblin is poisoned.
Your bite misses the goblin. The goblin misses you.
You barely miss the goblin. You hit the goblin.
You kill the goblin!
No target in view!
No target in view!
No target in view!
No target in view!
No target in view!
No target in view!
No target in view!
No target in view!
No target in view!
No target in view!
You see here a +0 club {mace}.
You now have 214 gold pieces (gained 11).
You see here a +0 club {mace}.
You now have 227 gold pieces (gained 13).
r - 2 scrolls labelled YTYATW FONULEL (gained 1) Key pressed, stopping explore.
You now have 244 gold pieces (gained 17).
Found a stone staircase leading down.
No target in view!
You now have 261 gold pieces (gained 17).
There is a stone staircase leading down here.
A jelly comes into view.
The jelly moves out of view.
A ball python and a gnoll come into view.
The gnoll shouts!
The ball python hisses angrily.
A dart slug comes into view.
You hit the ball python.
You kill the ball python!
You barely miss the gnoll.
The gnoll hits you with a +0 whip. 😕 HP[-4]
You take 4 damage, and now have 33/37 hp.
You are too injured to fight recklessly!
You are too injured to fight recklessly!
You are too injured to fight recklessly!
You are too injured to fight recklessly!
You are too injured to fight recklessly!
You are too injured to fight recklessly!
You are too injured to fight recklessly!
You are too injured to fight recklessly!
You are too injured to fight recklessly!
You are too injured to fight recklessly!
You are too injured to fight recklessly!
You are too injured to fight recklessly!
You are too injured to fight recklessly!
You are too injured to fight recklessly!
You are too injured to fight recklessly!
You are too injured to fight recklessly!
You are too injured to fight recklessly!
The jelly attacks as you move away! The jelly completely misses you.
The gnoll attacks as you move away!
The gnoll hits you with a +0 whip! 😮 HP[-7]
You take 7 damage, and now have 26/37 hp.
The jelly attacks as you move away! The jelly hits you but does no damage.
The gnoll attacks as you move away! The gnoll completely misses you.
There is a stone staircase leading down here.
The jelly barely misses you.
You climb downwards.
There is a stone staircase leading up here.
Unknown command.
You hit the jelly.
The jelly is poisoned.
Your hands burn!
The jelly misses you. 😮 HP[-2]
You take 2 damage, and now have 24/37 hp.
You hit the jelly.
Your hands burn!
You punch the jelly. 😮 HP[-4]
You take 4 damage, and now have 20/37 hp.
You hit the jelly.
Your hands burn!
* * * LOW HITPOINT WARNING * * *
The jelly closely misses you. 😨 HP[-2]
You take 2 damage, and now have 18/37 hp.
You hit the jelly.
Your hands burn!
* * * LOW HITPOINT WARNING * * *
Your bite misses the jelly. The jelly barely misses you. 😨 HP[-1]
You take 1 damage, and now have 17/37 hp.
You barely miss the jelly. The jelly misses you. 😨 HP[+1]
You hit the jelly. The acid corrodes you!
Your hands burn!
* * * LOW HITPOINT WARNING * * *
😨 HP[-1]
You take 1 damage, and now have 17/37 hp.
You are confused.
You feel invigorated. The jelly hits you.
You are splashed with acid!
* * * LOW HITPOINT WARNING * * *
The iguana bites you!
You die...

Skill      XL: |  1  2  3  4  5 |
---------------+----------------+-----
Fighting       | 1 |  1.5
Long Blades    | 1 |  1.5
Axes           | 1 |  1.5
Maces & Flails | 1 |  1.5
Polearms       | 1 |  1.5
Staves         | 1 |  1.5
Slings         | 1 |  1.5
Bows           | 1 |  1.5
Crossbows      | 1 |  1.5
Throwing       | 1 |  1.5
Stealth        | 1 |  1.5
Shields        | 1 |  1.5
Spellcasting   | 1 |  1.5
Conjurations   | 1 |  1.2
Hexes          | 1 |  1.2
Summonings     | 1 |  1.2
Necromancy     | 1 |  1.2
Translocations | 1 |  1.2
Transmutations | 1 |  1.2
Fire Magic     | 1 |  1.2
Ice Magic      | 1 |  1.2
Air Magic      | 1 |  1.2
Earth Magic    | 1 |  1.2
Poison Magic   | 1 |  1.2
Invocations    | 3 |  3.1
Armour         | 3 |  3.0
Evocations     | 3 |  3.0
Short Blades   | |  4.8
Dodging        | |  4.8
Unarmed Combat | |  6.7

Action                   |  1- 3 |  4- 6 || total
-------------------------+-------+-------++-------
Melee: Dagger            |    64 |    87 ||   151
       Unarmed           |     4 |       ||     4
       Punch             |     3 |     1 ||     4
       Bite              |     2 |     7 ||     9
  Use: Scroll            |     2 |     3 ||     5
       Potion            |     1 |     1 ||     2
 Stab: Sleeping          |     1 |     3 ||     4
Armor: Leather armour    |    10 |    17 ||    27
Dodge: Dodged            |    46 |    64 ||   110

Levels and vault maps discovered:
D:1:      dpeg_arrival_round_b, layout_basic, serial_shops, shop_fountains,
          eino_curves_02
D:2:      layout_basic, basic_altar, kennysheep_decorative_pillar
D:3:      minmay_chambers_of_twos, layout_loops_ring, uniq_terence
D:4:      layout_gridville, lemuel_coloured_pillars_altar, serial_forest,
          infiniplex_forest_end_2, infiniplex_forest_clump_double,
          infiniplex_forest_zigzag_1, infiniplex_forest_side_room,
          infiniplex_forest_end_2, infiniplex_forest_corner_1,
          infiniplex_forest_clump_curved, minmay_distorted, uniq_grinder

Notes
Turn   | Place    | Note
-------+----------+-------------------------------------------
     0 | D:1      | spaghetti the Gnoll Wanderer began the quest for the Orb.
     0 | D:1      | spaghetti set off with the following items: a +0 short
                  | sword {short}, a scroll of blinking {!r}, 2 scrolls of
                  | fear, a +0 pair of gloves, a +0 leather armour
     0 | D:1      | Reached XP level 1. HP: 13/13 MP: 2/2
     0 | D:1      | magus.rc [v1.9.6]
   256 | D:1      | You pick up a book of Callings and begin reading...
   256 | D:1      | You add the spells Summon Small Mammal, Call Canine
                  | Familiar and Summon Guardian Golem to your library.
   465 | D:1      | Found Tasaiph's Armour Emporium.
   480 | D:1      | Reached XP level 2. HP: 14/19 MP: 3/3
  1016 | D:1      | Reached XP level 3. HP: 17/25 MP: 4/4
  1020 | D:1      | Learned a level 3 spell: Call Canine Familiar
  1542 | D:2      | Noticed an ogre
  1564 | D:2      | Killed an ogre
  1565 | D:2      | Reached skill level 1 in Fighting
  1565 | D:2      | Reached skill level 1 in Long Blades
  1565 | D:2      | Reached skill level 1 in Axes
  1565 | D:2      | Reached skill level 1 in Maces & Flails
  1565 | D:2      | Reached skill level 1 in Polearms
  1565 | D:2      | Reached skill level 1 in Staves
  1565 | D:2      | Reached skill level 1 in Slings
  1565 | D:2      | Reached skill level 1 in Bows
  1565 | D:2      | Reached skill level 1 in Crossbows
  1565 | D:2      | Reached skill level 1 in Throwing
  1565 | D:2      | Reached skill level 1 in Stealth
  1565 | D:2      | Reached skill level 1 in Shields
  1565 | D:2      | Reached skill level 1 in Spellcasting
  1565 | D:2      | Reached skill level 1 in Conjurations
  1565 | D:2      | Reached skill level 1 in Hexes
  1565 | D:2      | Reached skill level 1 in Summonings
  1565 | D:2      | Reached skill level 1 in Necromancy
  1565 | D:2      | Reached skill level 1 in Translocations
  1565 | D:2      | Reached skill level 1 in Transmutations
  1565 | D:2      | Reached skill level 1 in Fire Magic
  1565 | D:2      | Reached skill level 1 in Ice Magic
  1565 | D:2      | Reached skill level 1 in Air Magic
  1565 | D:2      | Reached skill level 1 in Earth Magic
  1565 | D:2      | Reached skill level 1 in Poison Magic
  1565 | D:2      | Reached XP level 4. HP: 13/32 MP: 2/6
  1931 | D:2      | Reached skill level 3 in Invocations
  1932 | D:2      | Reached XP level 5. HP: 27/37 MP: 7/7
  2293 | D:2      | Found a blossoming altar of Fedhas.
  2566 | D:3      | Noticed Terence
  2581 | D:3      | HP: 8/37 [Terence/+0 trident (6)]
  2584 | D:3      | Killed Terence
  2585 | D:3      | Reached skill level 3 in Armour
  2585 | D:3      | Reached skill level 3 in Evocations
  2955 | D:4      | Slain by an iguana

Vanquished Creatures
  An ogre (D:2)
  Terence (D:3)
  An adder (D:3)
  A dart slug (D:2)
  An orc (D:2)
  3 bats (D:2)
  3 endoplasms (D:1)
  2 giant cockroaches
  6 goblins
  13 jackals
  2 quokkas
  3 ball pythons
  2 frilled lizards (D:2)
  9 kobolds
  4 rats
52 creatures vanquished.

Table legend:
 A = Non-vault XP
 B = Vault XP
 C = Vault XP percentage of total XP
 D = Non-vault monster count
 E = Vault monster count
 F = Vault count percentage of total count
                 A         B        C        D         E       F
            +---------+---------+-------+---------+---------+-------
      Total |     212 |      38 |  15.2 |      50 |       2 |   3.8
            +---------+---------+-------+---------+---------+-------
        D:1 |      37 |       0 |   0.0 |      22 |       0 |   0.0
        D:2 |     148 |       0 |   0.0 |      19 |       0 |   0.0
        D:3 |      27 |      38 |  58.5 |       9 |       2 |  18.2
            +---------+---------+-------+---------+---------+-------

Illustrated notes

Table legend:
 A = Kills in this place as a percentage of kills in entire the game.
 B = Kills by you in this place as a percentage of kills by you in the entire game.
 C = Kills by friends in this place as a percentage of kills by friends in the entire game.
 D = Other kills in this place as a percentage of other kills in the entire game.
 E = Experience gained in this place as a percentage of experience gained in the entire game.
 F = Experience gained in this place divided by the number of levels of this place that you have seen.
                   A       B       C       D       E      F
               +-------+-------+-------+-------+-------+----------------------
         Total | 100.0 | 100.0 |   N/A |   N/A | 100.0 |  62.5
       Dungeon | 100.0 | 100.0 |   N/A |   N/A | 100.0 |  62.5
               +-------+-------+-------+-------+-------+----------------------

Table legend: (Time is in decaauts)
 A = Elapsed time spent in this place.
 B = Non-inter-level travel time spent in this place.
 C = Inter-level travel time spent in this place.
 D = Time resting spent in this place.
 E = Time spent auto-exploring this place.
 F = Levels seen in this place.
 G = Mean time per level.
                   A        B        C        D        E       F      G
               +--------+--------+--------+--------+--------+-----+--------+
         Total |   2917 |   2898 |     19 |    301 |   2255 |   4 |  729.2 |
       Dungeon |   2917 |   2898 |     19 |    301 |   2255 |   4 |  729.2 |
               +--------+--------+--------+--------+--------+-----+--------+

Top non-repeatable levels by time:
     D:1: 1478 daAuts
     D:2: 929 daAuts
     D:3: 503 daAuts
     D:4: 5 daAuts
